 Dungeon Crawl Stone Soup version 0.26-a0-720-g2a1d101370 (webtiles) character file.

Game seed: 7132393593999712943

11480 Froggeryz the Bludgeoner (level 11, -2/68 HPs)
             Began as a Gargoyle Monk on Nov 2, 2020.
             Was a High Priest of Okawaru.
             Slain by a seven-headed hydra (5 damage)
             ... on level 1 of the Lair of Beasts.
             The game lasted 00:16:53 (11351 turns).

Froggeryz the Bludgeoner (Gargoyle Monk)           Turns: 11351, Time: 00:16:53

Health: -2/68      AC: 26    Str: 17    XL:     11   Next: 78%
Magic:  9/11       EV: 13    Int: 12    God:    Okawaru [*****.]
Gold:   641        SH:  0    Dex: 12    Spells: 10/10 levels left

rFire    . . .     SeeInvis .   C - +3 morningstar
rCold    . . .     Faith    .   (no shield)
rNeg     + . .     Spirit   .   k - +0 scale mail
rPois    ∞         Reflect  .   z - +1 helmet
rElec    +         Harm     .   h - +0 cloak
rCorr    .         Rampage  .   c - +2 pair of gloves
MR       +....                  (no boots)
Stlth    ++........             (no amulet)
HPRegen  0.21/turn              u - +4 ring of protection
MPRegen  0.12/turn              w - ring of protection from magic

@: heroism, hasted, studying Ice Magic, very quick
A: negative energy resistance 1, electricity resistance, unbreathing,
petrification resistance, rot immunity, AC +8
a: Heroism, Finesse, Renounce Religion


You were on level 1 of the Lair of Beasts.
You worshipped Okawaru.
Okawaru was extremely pleased with you.
You visited 3 branches of the dungeon, and saw 13 of its levels.

You collected 641 gold pieces.

Inventory:

Hand Weapons
 d - a +1 whip of draining
 C - a +3 morningstar (weapon)
Missiles
 b - 32 poisoned darts (quivered)
 q - 2 throwing nets
Armour
 c - a +2 pair of gloves (worn)
 h - a +0 cloak (worn)
 k - a +0 scale mail (worn)
 z - a +1 helmet (worn)
 L - the +4 kite shield of Mog Bits {rC+ rCorr Str-5 Dex+4}
   (Okawaru gifted it to you on level 9 of the Dungeon)

   It affects your strength (-5).
   It affects your dexterity (+4).
   It protects you from cold.
   It provides partial protection from all sources of acid and corrosion.
Jewellery
 u - a +4 ring of protection (left hand)
 w - a ring of protection from magic (right hand)
 H - an uncursed ring of protection from cold {unknown}
 I - an uncursed amulet of faith
Wands
 E - a wand of digging (9)
 F - a wand of polymorph (9)
 J - a wand of paralysis (3)
Scrolls
 e - a scroll of immolation {unknown}
 f - 2 scrolls of enchant weapon {unknown}
 g - 3 scrolls of fear {unknown}
 i - 7 scrolls of identify {unknown}
 l - 5 scrolls of remove curse {unknown}
 m - a scroll of random uselessness {unknown}
 o - 3 scrolls of noise {unknown}
 p - 3 scrolls of blinking {unknown}
 r - 2 scrolls of fog {unknown}
 v - 5 scrolls of teleportation {unknown}
 x - 3 scrolls of vulnerability {unknown}
 y - a scroll of enchant armour {unknown}
 A - a scroll of magic mapping {unknown}
 B - 2 scrolls of torment {unknown}
 D - 2 scrolls of amnesia {unknown}
 M - a scroll of summoning {unknown}
Potions
 a - 2 potions of haste
 j - 2 potions of degeneration {unknown}
 n - 3 potions of heal wounds {unknown}
 s - 2 potions of berserk rage {unknown}
 t - 5 potions of curing
 K - a potion of resistance {unknown}
Books
 G - a manual of Ice Magic


   Skills:
 + Level 8.3(13.3) Fighting
 * Level 15.1(20.1) Maces & Flails
 - Level 2.4(7.4) Dodging
 - Level 2.1(7.1) Stealth
 * Level 6.2(11.2) Shields
 - Level 3.3(8.3) Unarmed Combat


You had 10 spell levels left.
You didn't know any spells.
Your spell library contained the following spells:

 Spells                   Type           Power        Failure   Level
 Animate Skeleton         Necr           #.....       71%         1
 Apportation              Tloc           #.....       71%         1
 Magic Dart               Conj           #...         71%         1
 Pain                     Necr           #...         71%         1
 Searing Ray              Conj           #.....       83%         2
 Confusing Touch          Hex            #.......     97%         3
 Dazzling Flash           Conj/Hex       #.....       97%         3
 Gell's Gravitas          Tloc           #.........   97%         3
 Lesser Beckoning         Tloc           #.........   97%         3
 Tukima's Dance           Hex            #.......     97%         3
 Vampiric Draining        Necr           #.........   97%         3
 Animate Dead             Necr           #.........   100%        4
 Fulminant Prism          Conj/Hex       #.........   100%        4
 Iskenderun's Mystic Bla  Conj/Tloc      #.......     100%        4
 Petrify                  Tmut/Erth      #.......     100%        4
 Agony                    Necr           #.......     100%        5
 Alistair's Intoxication  Tmut/Pois      #........    100%        5
 Metabolic Englaciation   Hex/Ice        #.........   100%        5
 Yara's Violent Unravell  Hex/Tmut       #.........   100%        5
 Invisibility             Hex            #.......     100%        6


Dungeon Overview and Level Annotations

Branches:
Dungeon (11/15)            Temple (1/1) D:4            Lair (1/6) D:11
    Orc (0/2) D:9

Altars:
Ashenzari
Cheibriados
Dithmenos
Elyvilon
Fedhas
Gozag
Hepliaklqana
Kikubaaqudgha
Makhleb
Nemelex Xobeh
Okawaru
Qazlal
Ru
Sif Muna
Trog
Uskayaw
Vehumet
Wu Jian
Xom
Yredelemnul
Zin
The Shining One


Innate Abilities, Weirdness & Mutations

You are resistant to torment.
Your stone body is resilient. (AC +8)
You are immune to poison.
You resist negative energy. (rN+)
You are resistant to electric shocks. (rElec)
You can survive without breathing.
You are immune to petrification.
You are immune to rotting.


Message History

The seven-headed hydra closely misses you.
The seven-headed hydra bites you but does no damage. x3
You barely miss the seven-headed hydra.
The seven-headed hydra is moderately wounded.
A nearby plant withers and dies.
The seven-headed hydra bites you! x2
The seven-headed hydra bites you but does no damage.
The seven-headed hydra misses you.
The seven-headed hydra barely misses you.
The seven-headed hydra bites you but does no damage. x2
Unknown command.
It was a potion of haste.
You feel yourself speed up.
The seven-headed hydra barely misses you.
The seven-headed hydra bites you!
* * * LOW HITPOINT WARNING * * *
The seven-headed hydra barely misses you.
The seven-headed hydra bites you!
* * * LOW HITPOINT WARNING * * *
The seven-headed hydra completely misses you.
The seven-headed hydra bites you.
You die...

..........######>...#
.........#..# #....# #
.........#.## ##....## #
≈≈....P≈.#.#####......###
≈P≈≈≈≈P≈.#...............
PP≈≈≈P≈≈.................
≈≈≈≈≈≈≈≈.#...............
≈≈≈≈≈P≈≈..#..............
≈≈P≈P≈;D@................
≈≈≈≈≈≈PP♣.#.##.##.###P###
≈≈≈≈≈≈≈≈♣.P.####### ### #
≈≈≈≈≈≈≈♣♣...# ≈≈≈≈≈≈≈
♣.P.# ≈≈≈≈≈P♣ #.#.#
≈≈≈≈P≈ #...# ♣≈≈≈P♣ #.#.#
#.#.#


You could see a seven-headed hydra and an electric eel.

Vanquished Creatures
  Erolcha (D:9)
  3 two-headed ogres
  An unseen horror (D:11)
  An ugly thing (D:8)
  A centaur zombie (D:11)
  A komodo dragon (Lair:1)
  2 trolls (D:11)
  Grinder (D:3)
  A wyvern (D:8)
  10 yaks (D:10)
  A wraith (D:10)
  A water moccasin (Lair:1)
  A black bear (D:8)
  3 orc warriors
  4 sky beasts
  An eye of draining (D:11)
  A phantom (D:7)
  5 ice beasts
  7 centaurs
  2 ogres
  A big kobold (D:11)
  2 bullfrogs (D:6)
  A wyvern zombie (D:8)
  5 scorpions
  4 wights (D:7)
  2 howler monkeys (D:4)
  An electric eel (D:9)
  4 bullfrog zombies
  3 orc priests (D:11)
  2 jellies
  2 gnoll shamans (D:4)
  4 bullfrog skeletons
  9 hounds
  A centaur skeleton (D:9)
  Jessica (D:2)
  6 worker ants
  7 iguanas
  9 orc wizards
  4 hound skeletons
  A worker ant zombie (D:7)
  16 adders
  12 gnolls
  2 shadow imps
  4 white imps
  2 ufetubi
  2 oozes
  2 adder skeletons
  4 worms
  3 dart slugs
  7 leopard geckos
  28 orcs
  5 giant cockroaches
  7 goblins
  7 hobgoblins
  12 jackals
  16 kobolds
  6 quokkas
  A ball python (D:2)
  10 bats
  7 frilled lizards
  A giant cockroach zombie (D:6)
  A leopard gecko skeleton (D:5)
  A leopard gecko zombie (D:6)
  8 rats
281 creatures vanquished.

Vanquished Creatures (others)
  A centaur (D:11)
  A plant (Lair:1)
2 creatures vanquished.

Grand Total: 283 creatures vanquished

Notes
Turn   | Place    | Note
-------+----------+-------------------------------------------
     0 | D:1      | Froggeryz the Gargoyle Monk began the quest for the Orb.
     0 | D:1      | Reached XP level 1. HP: 14/14 MP: 1/1
   407 | D:1      | Reached XP level 2. HP: 19/19 MP: 2/2
   459 | D:1      | Reached skill level 1 in Maces & Flails
   906 | D:2      | Reached skill level 2 in Maces & Flails
   906 | D:2      | Reached XP level 3. HP: 23/23 MP: 3/3
   963 | D:2      | Noticed Jessica
   973 | D:2      | Killed Jessica
   973 | D:2      | Reached skill level 3 in Maces & Flails
   973 | D:2      | Reached XP level 4. HP: 24/28 MP: 4/4
  1432 | D:2      | Found a shimmering altar of Xom.
  1441 | D:2      | Reached skill level 4 in Maces & Flails
  1558 | D:3      | Reached XP level 5. HP: 32/32 MP: 5/5
  1597 | D:3      | Found an iron altar of Okawaru.
  1605 | D:3      | Became a worshipper of Warmaster Okawaru
  1605 | D:3      | Reached * piety under Okawaru
  1605 | D:3      | Reached ** piety under Okawaru
  1744 | D:3      | Noticed Grinder
  1779 | D:3      | Paralysed by Grinder for 3 turns
  1783 | D:3      | Killed Grinder
  1783 | D:3      | Reached skill level 6 in Maces & Flails
  1783 | D:3      | Reached XP level 6. HP: 13/37 MP: 6/6
  2137 | D:3      | Found a shadowy altar of Dithmenos.
  2847 | D:4      | Reached XP level 7. HP: 41/41 MP: 7/7
  2851 | D:4      | Got a masterwork leather armour
  2862 | D:4      | Identified the +1 leather armour of Omission {+Inv rN+
                  | Str+5} (You found it on level 4 of the Dungeon)
  2882 | D:4      | Found a staircase to the Ecumenical Temple.
  2895 | D:4      | Reached skill level 7 in Maces & Flails
  2920 | D:4      | Reached *** piety under Okawaru
  3968 | D:4      | Found a basalt altar of Yredelemnul.
  3986 | Temple   | Entered the Ecumenical Temple
  4052 | D:5      | Entered Level 5 of the Dungeon
  4143 | D:5      | Reached skill level 8 in Maces & Flails
  4235 | D:5      | Reached XP level 8. HP: 32/46 MP: 8/8
  4456 | D:5      | Reached skill level 9 in Maces & Flails
  4977 | D:5      | Reached **** piety under Okawaru
  5120 | D:5      | Reached skill level 10 in Maces & Flails
  5494 | D:6      | Reached XP level 9. HP: 51/51 MP: 9/9
  5527 | D:6      | Found a glowing golden altar of the Shining One.
  5715 | D:6      | Reached skill level 11 in Maces & Flails
  6237 | D:7      | Found a stormy altar of Qazlal.
  6244 | D:7      | Found a white marble altar of Elyvilon.
  6592 | D:7      | Reached skill level 12 in Maces & Flails
  6758 | D:7      | Reached ***** piety under Okawaru
  6803 | D:7      | Found a hide-covered altar of Uskayaw.
  6974 | D:7      | Found a hazy altar of Hepliaklqana.
  7324 | D:8      | Noticed a purple ugly thing
  7346 | D:8      | Killed a purple ugly thing
  7346 | D:8      | Reached XP level 10. HP: 48/58 MP: 7/10
  7357 | D:8      | Reached skill level 13 in Maces & Flails
  7707 | D:8      | Found a glowing silver altar of Zin.
  7763 | D:8      | Reached skill level 5 in Fighting
  8242 | D:9      | Noticed Erolcha
  8252 | D:9      | Paralysed by Erolcha for 5 turns
  8261 | D:9      | Killed Erolcha
  8723 | D:9      | Noticed a two-headed ogre
  8735 | D:9      | Killed a two-headed ogre
  8780 | D:9      | Noticed a two-headed ogre
  8790 | D:9      | Killed a two-headed ogre
  8790 | D:9      | Received a gift from Okawaru
  8790 | D:9      | Reached skill level 14 in Maces & Flails
  8793 | D:9      | Got a heavily runed kite shield {god gift}
  8805 | D:9      | Identified the +4 kite shield of Mog Bits {rC+ rCorr Str-5
                  | Dex+4} (Okawaru gifted it to you on level 9 of the Dungeon)
  8987 | D:9      | Found a staircase to the Orcish Mines.
  9213 | D:10     | Entered Level 10 of the Dungeon
  9222 | D:10     | Reached skill level 1 in Shields
  9312 | D:10     | Reached XP level 11. HP: 40/67 MP: 11/11
 10267 | D:11     | Noticed a two-headed ogre
 10276 | D:11     | Killed a two-headed ogre
 10323 | D:11     | Found a sparkling altar of Nemelex Xobeh.
 10424 | D:11     | Reached skill level 5 in Shields
 10457 | D:11     | Received a gift from Okawaru
 10560 | D:11     | Killed an unseen horror
 10560 | D:11     | Reached skill level 15 in Maces & Flails
 10819 | D:11     | Found a staircase to the Lair.
 10917 | Lair:1   | Entered Level 1 of the Lair of Beasts
 11343 | Lair:1   | Noticed a seven-headed hydra
 11351 | Lair:1   | HP: 3/68 [seven-headed hydra (11)]
 11351 | Lair:1   | Slain by a seven-headed hydra

Illustrated notes

Levels and vault maps discovered:
D:1:      lightli_arrival_windingriver, layout_basic
D:2:      layout_rooms, tgw_xom, uniq_jessica
D:3:      layout_basic, old_standard_altar, nicolae_dithmenos_shadow_blocks,
          minmay_close_crescents, uniq_grinder
D:4:      layout_basic, marbit_many_paths, minmay_temple_entry_butterflies
D:5:      layout_gridville
D:6:      layout_basic, nicolae_overflow_hidden_temple
D:7:      layout_basic, kennysheep_little_box, lemuel_crystal_altar,
          grunt_temple_overflow_open, minmay_misc_feat_plants
D:8:      layout_loops_ring, zin_statuary, minmay_manual_monstrance
D:9:      layout_irregular_city, orc_0_dummy, nrook_pool_corridor, uniq_erolcha
D:10:     layout_basic
D:11:     layout_rooms, lair_entry_dummy, minmay_holes,
          hangedman_abyss_or_decor_lesser_grid, grunt_ministairs_6,
          nemelex_xobeh_ov_fountains_minmay
Temple:   nicolae_temple_x_marks_the_god
Lair:1:   layout_cellular_growth, serial_bayou_pond_e, serial_bayou_shore_a,
          lemuel_fruit_fields, lemuel_fruit_fields, uniq_erica

Skill      XL: |  1  2  3  4  5  6  7  8  9 10 11 |
---------------+----------------------------------+-----
Maces & Flails | 2 3 4 6 8 10 12 14 15 | 15.1
Fighting       | 4 7 8 |  8.3
Shields        | 2 6 |  6.2
Dodging        | |  2.4
Stealth        | |  2.1
Unarmed Combat | |  3.3

Action                   |  1- 3 |  4- 6 |  7- 9 | 10-12 || total
-------------------------+-------+-------+-------+-------++-------
Melee: Unarmed           |    23 |       |       |       ||    23
       Whip              |    54 |   232 |   536 |       ||   822
       Punch             |       |       |     8 |     4 ||    12
       Morningstar       |       |       |    42 |   445 ||   487
Throw: Dart              |       |       |       |     3 ||     3
Invok: Heroism           |       |       |     1 |     5 ||     6
Evoke: Wand              |       |       |       |     3 ||     3
  Use: Potion            |       |     2 |       |     2 ||     4
 Stab: Sleeping          |     4 |       |       |       ||     4
       Paralysed         |       |       |       |     2 ||     2
Armor: Robe              |    18 |    10 |       |       ||    28
       Scale mail        |       |    79 |   235 |   263 ||   577
       Skin              |       |    37 |       |     1 ||    38
Dodge: Dodged            |    54 |   115 |   183 |   198 ||   550

Table legend: (Time is in decaauts)
 A = Elapsed time spent in this place.
 B = Non-inter-level travel time spent in this place.
 C = Inter-level travel time spent in this place.
 D = Time resting spent in this place.
 E = Time spent auto-exploring this place.
 F = Levels seen in this place.
 G = Mean time per level.
                   A        B        C        D        E       F      G
               +--------+--------+--------+--------+--------+-----+--------+
         Total |  11002 |  10736 |    266 |   2465 |   6264 |  13 |  846.3 |
       Dungeon |  10513 |  10254 |    259 |   2097 |   6179 |  11 |  955.7 |
        Temple |     58 |     51 |      7 |      0 |     50 |   1 |   58.0 |
          Lair |    430 |    430 |      0 |    368 |     35 |   1 |  430.0 |
               +--------+--------+--------+--------+--------+-----+--------+

Top non-repeatable levels by time:
     D:3: 1233 daAuts
     D:5: 1229 daAuts
     D:4: 1188 daAuts
     D:7: 1083 daAuts
     D:8: 1030 daAuts
    D:10: 1021 daAuts
     D:9: 995 daAuts
     D:1: 901 daAuts
     D:2: 616 daAuts
    D:11: 613 daAuts
     D:6: 598 daAuts
  Lair:1: 430 daAuts
  Temple: 58 daAuts
